Map: Simulacrum LE

Players

Cynicusme - Winner!

  • Race: Zerg Zerg
  • League: Diamond
  • Spawn Location: 11:00

aguilanegra

  • Race: Protoss Protoss
  • League: Diamond
  • Spawn Location: 5:00

VOD

Have the link to the VOD?

Description

Time

  • Played on: March 2, 2020, 6:52 p.m.
  • Length: 15:26
Show
View Real Time Build Order
Export as new Build Order

Cynicusme Zerg - Winner!

Build Orders: Pool First 

Get SALT Encoding   

  12  0:01  Drone  
  13  0:22  Spawning Pool  
  13  0:26  Drone  
  13  0:34  Overlord  
  13  0:42  Drone  
  14  1:06  Hatchery  
  13  1:17  Zergling x6  
  16  1:28  Queen  
  18  1:33  Drone  
  18  1:38  Drone  
  20  1:50  Extractor  
  20  1:53  Drone  
  20  2:03  Overlord  
  20  2:12  Drone  
  21  2:33  Drone x4  
  21  2:36  Queen  
  24  2:53  Drone x5  
  29  3:06  Drone  
  29  3:12  Hatchery  
  29  3:27  Spore Crawler  
  29  3:31  Extractor  
  29  3:32  Drone  
  29  3:33  Drone x5  
  33  3:37  Lair  
  33  3:43  Spore Crawler  
  32  3:49  Queen  
  32  3:54  Overlord  
  34  4:01  Drone x2  
  36  4:03  Overlord  
  36  4:13  Drone  
  36  4:14  Drone x4  
  41  4:17  Drone  
  41  4:18  Drone  
  41  4:19  Drone  
  44  4:24  Pneumatized Carapace  
  44  4:32  Queen  
  46  4:40  Zergling x4, Hydralisk Den  
  46  4:41  Zergling x4  
  49  5:14  Grooved Spines  
  49  5:19  Spore Crawler  
  48  5:23  Queen  
  48  5:26  Overlord  
  48  5:27  Overlord x2  
  50  5:33  Drone x2, Spore Crawler x2  
  50  5:37  Extractor  
  50  5:38  Extractor  
  50  5:39  Drone x2  
  50  5:51  Drone x3  
  50  5:52  Drone x3  
  50  5:54  Drone x2  
  58  5:57  Overseer  
  58  6:00  Hydralisk x3  
  58  6:01  Hydralisk  
  66  6:08  Overlord  
  66  6:09  Drone x2  
  66  6:10  Drone x2  
  70  6:25  Muscular Augments  
  70  6:27  Evolution Chamber  
  70  6:28  Drone x2  
  71  6:32  Evolution Chamber  
  70  6:47  Hydralisk  
  70  6:48  Hydralisk x5  
  82  7:06  Zerg Ground Armor Level 1, Zerg Missile Weapons Level 1  
  82  7:11  Overlord x3  
  82  7:30  Overlord x2  
  82  7:31  Hydralisk x2  
  82  7:32  Hydralisk x5  
  82  7:34  Hatchery, Extractor  
  82  7:35  Spore Crawler, Extractor  
  92  7:40  Metabolic Boost  
  92  7:48  Drone  
  92  7:49  Drone x7  
  92  7:50  Drone  
  101  7:52  Drone  
  101  7:54  Drone  
  101  7:55  Drone  
  101  7:57  Drone  
  105  7:59  Drone  
  105  8:00  Drone  
  105  8:02  Drone  
  108  8:28  Drone  
  108  8:29  Drone x2  
  108  8:32  Extractor  
  108  8:33  Overlord x2, Extractor  
  109  8:34  Drone x3  
  109  8:36  Drone x2  
  114  8:46  Infestation Pit  
  113  9:00  Overlord  
  113  9:01  Overlord x5  
  111  9:17  Spore Crawler  
  111  9:18  Spore Crawler  
  111  9:20  Drone x2, Spore Crawler x2  
  111  9:24  Zerg Missile Weapons Level 2, Spore Crawler  
  108  9:25  Zerg Ground Armor Level 2  
  108  9:31  Queen  
  108  9:32  Drone x2  
  108  9:33  Drone x4  
  108  9:35  Overlord x2  
  108  9:36  Drone x5  
  108  9:37  Drone x4  
  125  9:51  Hydralisk  
  125  9:52  Hydralisk x7  
  133  9:53  Hydralisk x3  
  147  10:01  Hydralisk x2  
  147  10:02  Hydralisk  
  147  10:05  Hydralisk  
  155  10:14  Hive  
  155  10:16  Hydralisk  
  155  10:17  Hydralisk x4  
  155  10:19  Hydralisk  
  167  10:27  Overlord x3  
  167  10:28  Drone x2  
  169  10:42  Spire  
  164  10:53  Hydralisk x5  
  164  10:54  Hydralisk x5  
  164  10:55  Hydralisk  
  186  11:09  Pathogen Glands  
  186  11:17  Drone  
  186  11:18  Drone x4  
  190  11:19  Drone x2  
  190  11:22  Hydralisk x3  
  199  11:29  Overseer  
  199  11:41  Zerg Missile Weapons Level 3  
  199  11:42  Zerg Ground Armor Level 3  
  193  12:06  Unknown  
  107  12:24  Hydralisk x2  
  107  12:25  Hydralisk x28  
  155  12:37  Zerg Flyer Weapons Level 1  
  155  12:40  Spire  
  155  12:43  Hydralisk x3  
  155  12:44  Hydralisk  
  162  13:00  Infestor x2  
  166  13:09  Infestor  
  168  13:16  Queen x2  
  168  13:17  Queen x2  
  176  13:42  Hydralisk x4  
  176  13:43  Hydralisk x5  
  176  13:46  Hydralisk  
  176  13:48  Hydralisk  
  196  13:50  Hydralisk  
  176  14:54  Hydralisk x3  
  176  14:55  Hydralisk x10  
Show
View Real Time Build Order
Export as new Build Order

aguilanegra Protoss 

Build Orders: Carriers 

Get SALT Encoding   

  12  0:01  Probe  
  13  0:17  Probe (Chrono Boost)  
  13  0:20  Pylon  
  14  0:27  Probe (Chrono Boost)  
  15  0:38  Probe  
  15  0:40  Gateway  
  16  0:48  Assimilator  
  16  0:50  Probe  
  16  0:56  Assimilator  
  17  1:02  Probe (Chrono Boost)  
  18  1:14  Probe (Chrono Boost)  
  19  1:18  Probe (Chrono Boost)  
  20  1:29  Probe  
  20  1:30  Cybernetics Core  
  21  1:40  Pylon  
  21  1:41  Probe  
  22  1:53  Probe  
  23  2:05  Probe  
  26  2:25  Pylon  
  26  2:27  Pylon  
  26  2:36  Stalker  
  23  2:43  Probe  
  24  2:49  Stargate  
  24  2:55  Probe  
  25  3:07  Probe  
  26  3:19  Nexus  
  26  3:20  Probe (Chrono Boost)  
  27  3:31  Probe (Chrono Boost)  
  28  3:39  Void Ray (Chrono Boost)  
  32  3:43  Probe  
  33  3:53  Pylon  
  33  3:55  Probe  
  34  4:07  Probe  
  35  4:19  Probe  
  35  4:20  Stargate  
  36  4:24  Void Ray (Chrono Boost)  
  41  4:32  Probe x2 (Chrono Boost)  
  42  4:45  Probe (Chrono Boost)  
  44  4:49  Probe (Chrono Boost)  
  44  4:51  Probe (Chrono Boost)  
  45  4:53  Assimilator  
  45  4:55  Assimilator, Probe (Chrono Boost)  
  45  4:59  Probe  
  47  5:03  Void Ray (Chrono Boost)  
  51  5:07  Probe  
  52  5:15  Probe  
  52  5:19  Probe  
  54  5:27  Probe  
  54  5:28  Void Ray (Chrono Boost)  
  59  5:31  Probe  
  60  5:39  Probe  
  60  5:42  Pylon  
  61  5:44  Probe  
  62  5:50  Fleet Beacon  
  62  6:00  Void Ray  
  66  6:07  Pylon  
  66  6:20  Nexus  
  66  6:25  Void Ray (Chrono Boost), Pylon  
  70  6:30  Stargate  
  70  6:35  Unknown  
  70  6:45  Shield Battery  
  70  6:46  Void Ray (Chrono Boost)  
  74  6:54  Cybernetics Core  
  74  6:59  Protoss Air Weapons Level 1 (Chrono Boost)  
  74  7:05  Void Ray (Chrono Boost)  
  78  7:11  Assimilator  
  78  7:13  Assimilator  
  78  7:17  Forge  
  78  7:31  Void Ray  
  82  7:42  Protoss Air Armor Level 1 (Chrono Boost)  
  82  7:44  Void Ray x2  
  90  8:00  Pylon  
  90  8:06  Probe  
  91  8:18  Probe  
  98  8:21  Carrier (Chrono Boost)  
  98  8:31  Pylon  
  98  8:32  Pylon  
  98  8:34  Pylon  
  98  8:36  Pylon  
  98  8:39  Protoss Shields Level 1 (Chrono Boost)  
  104  8:56  Carrier (Chrono Boost)  
  104  9:12  Carrier (Chrono Boost)  
  110  9:20  Carrier (Chrono Boost)  
  116  9:36  Photon Cannon  
  116  9:37  Photon Cannon  
  116  9:38  Photon Cannon  
  116  9:39  Photon Cannon  
  116  9:41  Photon Cannon  
  116  9:51  Carrier (Chrono Boost)  
  116  9:57  Shield Battery  
  116  9:59  Protoss Air Weapons Level 2 (Chrono Boost)  
  122  10:04  Pylon  
  122  10:16  Carrier (Chrono Boost)  
  128  10:27  Probe  
  129  10:33  Photon Cannon  
  129  10:34  Photon Cannon  
  129  10:38  Probe  
  129  10:40  Protoss Air Armor Level 2 (Chrono Boost)  
  130  10:50  Probe  
  130  10:51  Carrier (Chrono Boost)  
  137  11:00  Pylon  
  137  11:19  Photon Cannon  
  137  11:20  Carrier (Chrono Boost)  
  137  11:23  Photon Cannon  
  143  11:36  Twilight Council  
  143  11:39  Probe  
  144  11:46  Pylon  
  144  11:51  Probe  
  144  11:52  Robotics Facility  
  145  12:06  Carrier (Chrono Boost)  
  139  12:27  Carrier x2 (Chrono Boost)  
  135  12:36  Protoss Shields Level 2 (Chrono Boost)  
  147  12:57  Observer  
  148  13:15  Nexus  
  148  13:16  Pylon  
  148  13:30  Probe  
  149  13:42  Probe  
  150  13:50  Observer  
  150  13:54  Carrier  
  157  14:08  Photon Cannon  
  157  14:09  Photon Cannon  
  157  14:11  Photon Cannon  
Tags
 
Composition
Carriers
Matchup
PvZ
Opening
Pool First
Spawn Locations
Cross Positions
Add a new tag
Caveats
  • Supply blocks, unpowered buildings, or Contaminate may cause inaccurate times.
  • Supply counts are checked every 10 seconds.